[Event "VII Open Internacional Quart de Poblet"]
[Site "Quart de Poblet, Spain"]
[Date "2019.08.05"]
[Round "1.1"]
[White "Cruz Lledo, Pablo"]
[Black "Ortega Sanchis, Angela"]
[Result "1-0"]
[TimeControl "90m +30s por jugada"]
[WhiteFideId "2297361"]
[BlackFideId "54532035"]
[WhiteElo "2445"]
[BlackElo "1675"]

1. d4 Nf6 2. c4 g6 3.
Nc3 Bg7 4. Nf3 d6 5. Bg5 h6 6. Bh4 O-O 7. e3 Nc6 8. Be2 Bf5 9. d5 Nb8 10. Nd4 Bd7 11.
O-O e5 12. dxe6 fxe6 13. Qc2 e5 14. Nb3 Bf5 15. Bd3 Bxd3 16. Qxd3 Kh7 17. c5 dxc5 18. Qxd8 Rxd8 19. Nxc5 g5 20.
Bg3 Nc6 21. Rfd1 Nh5 22. Ne6 Rxd1+ 23. Rxd1 Nxg3 24. hxg3 Re8 25. Nxc7 Rd8 26. N3d5 Nb4 27. e4 Nxd5 28. Rxd5 Rxd5 29.
Nxd5 Kg8 30. Kf1 Kf7 31. g4 Ke6 32. Ke2 a5 33. Kd3 Bf8 34. Kc4 Kd6 35. Kb5 Kd7 36. Kb6 Kc8 37. Kxa5 Bc5 38.
f3 Kd7 39. b4 Bf8 40. Kb6 Kc8 41. a4 Kb8 42. a5 1-0

[Event "VII Open Internacional Quart de Poblet"]
[Site "Quart de Poblet, Spain"]
[Date "2019.08.05"]
[Round "1.2"]
[White "Ramirez Aucejo, Hector"]
[Black "Sanchez Saez, Francisco"]
[Result "0-1"]
[TimeControl "90m +30s por jugada"]
[WhiteFideId "32032064"]
[BlackFideId "2231743"]
[WhiteElo "1668"]
[BlackElo "2359"]

1. e4 g6 2. d4 Bg7 3. Nc3 d6 4. f4 a6 5. Nf3 b5 6. Bd3 Nd7 7. Ne2 c5 8. c3 Bb7 9.
O-O Ngf6 10. e5 Nd5 11. e6 fxe6 12. Ng5 Nf8 13. dxc5 dxc5 14. Ng3 c4 15. Bc2 Qb6+ 16. Kh1 h6 17. Nf3 O-O-O 18. Qe2 Nd7 19. Bxg6 e5 20. f5 Nc5 21.
Nxe5 Bxe5 22. Qxe5 Nd3 23. Qe6+ Qxe6 24. fxe6 Nxc1 25. Raxc1 Ne3 26. Rf2 Rhf8 27. Bf7 Nxg2 28. Kg1 Ne3 29. Re1 Rd3 30. Rxe3 Rxe3 31. Nf5 Re1+ 32. Rf1 Rxf1+ 33. Kxf1 Kd8 34.
Nxh6 Rh8 35. Ng4 Rh4 0-1

[Event "VII Open Internacional Quart de Poblet"]
[Site "Quart de Poblet, Spain"]
[Date "2019.08.05"]
[Round "1.3"]
[White "Gavarrete, Nahun"]
[Black "Ordonez Carrasco, Jorge"]
[Result "1-0"]
[TimeControl "90m +30s por jugada"]
[WhiteFideId "8400709"]
[BlackFideId "24529826"]
[WhiteElo "2349"]
[BlackElo "1661"]

1. e4 c5 2. Nf3 d6 3. d4 cxd4 4. Nxd4 Nf6 5. Nc3 g6 6. Be3 Bg7 7. f3 O-O 8. Qd2 Nc6 9. Bc4 Bd7 10.
O-O-O Rc8 11. Bb3 Ne5 12. h4 h5 13. Kb1 Nc4 14. Bxc4 Rxc4 15. Nde2 b5 16. Bh6 b4 17. Nd5 Nxd5 18. Bxg7 Kxg7 19. exd5 a5 20. b3 Rc5 21. g4 hxg4 22. fxg4 f6 23. Nf4 a4 24.
Qd3 Qe8 25. Rde1 axb3 26. axb3 Bxg4 27. Rhg1 Rc3 28. Rxe7+ Qxe7 29. Qxg6+ Kh8 30. Qh6+ 1-0

[Event "VII Open Internacional Quart de Poblet"]
[Site "Quart de Poblet, Spain"]
[Date "2019.08.05"]
[Round "1.4"]
[White "Yuste Valenzuela, Alejandro"]
[Black "Castella Garcia, Fausto"]
[Result "0-1"]
[TimeControl "90m +30s por jugada"]
[WhiteFideId "54535760"]
[BlackFideId "3501922"]
[WhiteElo "1660"]
[BlackElo "2315"]

1. e4 c5 2. Nf3 g6 3. d4 Bg7 4. c3 cxd4 5. cxd4 d5 6. e5 Nc6 7. Nc3 Nh6 8. Bg5 f6 9. exf6 exf6 10. Bxh6 Bxh6 11. Qb3 O-O 12.
Qxd5+ Qxd5 13. Nxd5 Bg4 14. Bc4 Kh8 15. Nc7 Rac8 16. Be6 Bxf3 17. Bxc8 Rxc8 18. gxf3 Rxc7 19. Rd1 Rd7 20. d5 Nb4 21.
O-O Kg8 22. d6 Nc6 23. Rd5 Kf7 24. Re1 Ne5 25. Kg2 Bf4 26. Re4 g5 27. Rb4 Nc6 28. Rb3 Ke6 29. Rdb5 Nd4 30. Rxb7 Nxb3 31.
Rxb3 Bxd6 32. Re3+ Be5 33. Re2 Kf5 34.
h3 h5 35. Rc2 Rd1 36. b3 Rb1 37. Rc5 Kg6 38. Rc2 Rb2 39. Rxb2 Bxb2 40. a4 a5 41. Kg3 Be5+ 42. Kg2 Kf5 43. Kh1 Bd6 44. Kg2 Kf4 45.
Kh2 Kxf3+ 46. Kg1 Bc5 47. Kh2 Bxf2 0-1

[Event "VII Open Internacional Quart de Poblet"]
[Site "Quart de Poblet, Spain"]
[Date "2019.08.05"]
[Round "1.5"]
[White "Chernikov, Vladimir"]
[Black "Gil Pou, Jose Luis"]
[Result "1-0"]
[TimeControl "90m +30s por jugada"]
[WhiteFideId "14112914"]
[BlackFideId "2281392"]
[WhiteElo "2315"]
[BlackElo "1655"]

1. c4 g6 2. d4 Bg7 3. h4 h5 4. Nc3 Nf6 5. e4 d6 6. Bg5 O-O 7. Be2 Bg4 8. Bxg4 Nxg4 9. f3 Nf6 10. Nge2 Nc6 11. Qd2 e5 12.
d5 Ne7 13. O-O-O Nh7 14. g4 Nxg5 15.
hxg5 hxg4 16. fxg4 f5 17.
gxf6 Rxf6 18. Ng3 Qd7 19. g5 Rf3 20. Qh2 Qg4 21. Rdg1 Kf7 22. Nge2 Qh5 23. Qg2 1-0

[Event "VII Open Internacional Quart de Poblet"]
[Site "Quart de Poblet, Spain"]
[Date "2019.08.05"]
[Round "1.6"]
[White "Marques Montolio, Luis"]
[Black "Nieves Cabanes, Jose Manuel"]
[Result "0-1"]
[TimeControl "90m +30s por jugada"]
[WhiteFideId "22244450"]
[BlackFideId "22245715"]
[WhiteElo "1632"]
[BlackElo "2311"]

1. e4 e6 2. d4 d5 3. exd5 exd5 4. Bd3 c5 5. c3 Nc6 6. Nf3 Bg4 7. dxc5 Bxc5 8. O-O Nf6 9. Bg5 O-O 10. Re1 h6 11. Bh4 Qd6 12. Bg3 Qd7 13. Nbd2 Nh5 14. Qc2 Nxg3 15. hxg3 Qd6 16. Kf1 Qf6 17. Re2 Rac8 18. a3 Bb6 19. Qa4 h5 20. Qf4 Qd8 21. Qa4 Bc7 22.
Rae1 a6 23. Re3 g6 24. Qc2 Kg7 25. Nh2 Bb6 26. Nxg4 hxg4 27. R3e2 Nd4 28. Qd1 Nxe2 29. Rxe2 Rh8 30. Kg1 Qg5 0-1

[Event "VII Open Internacional Quart de Poblet"]
[Site "Quart de Poblet, Spain"]
[Date "2019.08.05"]
[Round "1.7"]
[White "Kovacevic, Slobodan"]
[Black "Vila Tormo, Eduardo"]
[Result "1-0"]
[TimeControl "90m +30s por jugada"]
[WhiteFideId "902152"]
[BlackFideId "32063989"]
[WhiteElo "2252"]
[BlackElo "1620"]

1. d4 Nf6 2. Bf4 e6 3. Nf3 Nc6 4. e3 d5 5. c4 Bd6 6. Bg3 Bxg3 7. hxg3 Bd7 8. Nc3 Qe7 9. a3 a5 10. Rc1 Na7 11. Ne5 c6 12.
c5 O-O-O 13. Qa4 Ne4 14. Nxe4 dxe4 15. Qxa5 Kb8 16. Rc3 Bc8 17. Rb3 f6 18. Nc4 Qc7 19. Nb6 Qf7 20. Bc4 Rhe8 21. Rb4 Re7 22. Rxh7 Qg6 23.
Rh4 e5 24. Ra4 Nb5 25. d5 Qg5 26. Bxb5 cxb5 27.
d6 1-0

[Event "VII Open Internacional Quart de Poblet"]
[Site "Quart de Poblet, Spain"]
[Date "2019.08.05"]
[Round "1.8"]
[White "Fernandez Lara, Vicente"]
[Black "Davtyan, David Arm."]
[Result "0-1"]
[TimeControl "90m +30s por jugada"]
[WhiteFideId "22281363"]
[BlackFideId "13310046"]
[WhiteElo "1614"]
[BlackElo "2249"]

1. d4 Nf6 2. c4 c5 3. Nf3 cxd4 4.
Qxd4 Nc6 5. Qd1 g6 6. Nc3 Bg7 7.
e3 O-O 8. Be2 d6 9. h3 Bd7 10. O-O Rc8 11. Bd2 Bf5 12. a3 Na5 13. Qa4 Be6 14. Nd5 Nxc4 15. Nxf6+ Bxf6 16. Bxc4 Bxc4 17. Rfe1 b5 18. Qb4 a5 19.
Qxa5 Qxa5 20. Bxa5 Bxb2 21. Rab1 Bxa3 22. Nd4 Ra8 23. Bb4 Bxb4 24. Rxb4 Ra4 25. Reb1 Rxb4 26. Rxb4 d5 27. f4 Ra8 28. Kf2 f6 29. Kf3 Kf7 30.
g3 Ra6 31. g4 e5 32. fxe5 fxe5 33. Nc2 Ra2 34. Ne1 Ke6 35. Kg3 Re2 36. Ng2 Kd6 37. Kf3 Ra2 38. Kg3 Kc5 39. Rb1 b4 40. Nh4 Re2 41. Ng2 b3 0-1

[Event "VII Open Internacional Quart de Poblet"]
[Site "Quart de Poblet, Spain"]
[Date "2019.08.05"]
[Round "1.9"]
[White "Galvan, Jesus"]
[Black "Movsisyan, Tigran"]
[Result "1-0"]
[TimeControl "90m +30s por jugada"]
[WhiteFideId "3800458"]
[BlackFideId "24581364"]
[WhiteElo "2220"]
[BlackElo "1594"]

1. d4 d5 2. c4 e6 3. Nc3 Be7 4. Nf3 Nf6 5. Bg5 Nbd7 6. e3 O-O 7. Qc2 h6 8. h4 b6 9. cxd5 exd5 10.
g4 Nxg4 11. Bd3 Bb7 12. O-O-O h5 13. Rdg1 c5 14. Bf5 cxd4 15. exd4 Ndf6 16. Ne5 Nxe5 17. dxe5 Ng4 18. Kb1 d4 19.
Ne4 d3 20. Qd2 Bxg5 21. hxg5 g6 22. Rxg4 gxf5 23. Nf6+ Kg7 24. Nxh5+ Kg6 25. Nf4+ Kg7 26. Rh6 fxg4 27. Nh5+ Kg8 28.
f3 Bxf3 29. Rh8+ Kxh8 30. g6 1-0

[Event "VII Open Internacional Quart de Poblet"]
[Site "Quart de Poblet, Spain"]
[Date "2019.08.06"]
[Round "2.1"]
[White "Martinez Villena, David"]
[Black "Cruz Lledo, Pablo"]
[Result "0-1"]
[TimeControl "90m +30s por jugada"]
[WhiteFideId "2284022"]
[BlackFideId "2297361"]
[WhiteElo "2006"]
[BlackElo "2445"]

1. e4 c6 2. d4 d5 3. exd5 cxd5 4. Bd3 Nc6 5. c3 Nf6 6. Bf4 g6 7. Nd2 Bg7 8. h3 O-O 9. Ngf3 Nd7 10.
O-O e5 11. dxe5 Ndxe5 12. Bc2 Qb6 13. Nxe5 Nxe5 14. Nb3 Nc4 15. Rb1 Be6 16. Nd4 Rac8 17. Bb3 a5 18. Bxc4 dxc4 19. Nxe6 Qxe6 20.
Re1 Qf5 21. Qg4 Qb5 22. Qg5 Rc5 23. Qg3 Rd5 24. Qf3 Rfd8 25. Qe4 Qc6 26. Be3 h6 27. Qf3 R8d7 28. g3 Kh7 29. Kh2 f5 30.
h4 Rb5 31. Qxc6 bxc6 32. a4 Rb3 33. Rbd1 Rd5 34. Rxd5 cxd5 35. Re2 Bf6 36. Bc5 Kg7 37. Kg2 Kf7 38. Kf1 g5 39. hxg5 hxg5 40. Ke1 f4 41. gxf4 gxf4 42.
f3 Rb7 43. Rh2 Ke6 44. Ba3 d4 45. cxd4 Bxd4 46. Rh6+ Kd5 47. Rh5+ Be5 48. Kd2 Rb3 49. Ke2 c3 50. bxc3 Rxa3 51.
c4+ Kd4 52. Kd2 Rxa4 0-1

[Event "VII Open Internacional Quart de Poblet"]
[Site "Quart de Poblet, Spain"]
[Date "2019.08.06"]
[Round "2.2"]
[White "Sanchez Saez, Francisco"]
[Black "Balada Moreno, Jose Luis"]
[Result "1-0"]
[TimeControl "90m +30s por jugada"]
[WhiteFideId "2231743"]
[BlackFideId "2214962"]
[WhiteElo "2359"]
[BlackElo "2022"]

1. e4 g6 2. d4 Bg7 3.
Nc3 d6 4. h4 h5 5. Bc4 Bg4 6. f3 Bd7 7. Bg5 c5 8.
dxc5 Bxc3+ 9. bxc3 dxc5 10. Qd5 Be6 11. Qe5 Nf6 12. Bxe6 fxe6 13. Bxf6 Nd7 14. Qg3 exf6 15. Qxg6+ Kf8 16.
Rd1 Qe8 17. Qg3 Ne5 18. Nh3 Rg8 19. Ng5 Qb8 20. f4 Nf7 21. Nxe6+ Ke7 22. Qd3 Qc8 23. Qd5 Qc6 24. Qxc6 bxc6 25.
Nxc5 Rxg2 26. Rd7+ Ke8 27. Rd2 Rg4 28.
Ke2 Rb8 29. Kf3 Rb5 30. Ne6 Ke7 31. Nd4 Rc5 32. Nf5+ Ke6 33. Rd3 Rc4 34. Rb1 c5 35. Rb7 1-0

[Event "VII Open Internacional Quart de Poblet"]
[Site "Quart de Poblet, Spain"]
[Date "2019.08.06"]
[Round "2.3"]
[White "Sanleon Pravisano, Nieves"]
[Black "Gavarrete, Nahun"]
[Result "0-1"]
[TimeControl "90m +30s por jugada"]
[WhiteFideId "32088590"]
[BlackFideId "8400709"]
[WhiteElo "1995"]
[BlackElo "2349"]

1. d4 Nf6 2. c4 g6 3. Nc3 Bg7 4. e4 O-O 5. Nf3 d6 6.
Be2 e5 7. O-O Nc6 8. d5 Ne7 9. Ne1 Nd7 10. Be3 f5 11. f3 f4 12. Bf2 g5 13. g4 h5 14. h3 Rf6 15. a4 Rh6 16.
a5 hxg4 17. hxg4 Kf7 18. Ng2 Qh8 19. Be1 Rh2 20. Nh4 Rxh4 21. Bxh4 Qxh4 22. Rf2 Qh8 23. Rh2 Qd8 24. b4 Ng6 25.
Na4 Nh4 26. c5 dxc5 27. bxc5 Bf8 28. Qc2 b6 29. cxb6 axb6 30. axb6 Nxb6 31. Ra2 Rxa4 32. Rxa4 Nxa4 33. Qxa4 Qd6 34. Qc4 Qb6+ 35. Kf1 Bd6 36. Qc3 Bd7 37. Bc4 Qb1+ 38.
Ke2 Ba4 39. Qd2 Kf6 40. Bd3 Qg1 41.
Rf2 Bb4 0-1

[Event "VII Open Internacional Quart de Poblet"]
[Site "Quart de Poblet, Spain"]
[Date "2019.08.06"]
[Round "2.4"]
[White "Castella Garcia, Fausto"]
[Black "Martinez Lopez, Jaume"]
[Result "1-0"]
[TimeControl "90m +30s por jugada"]
[WhiteFideId "3501922"]
[BlackFideId "2211254"]
[WhiteElo "2315"]
[BlackElo "1982"]

1. e4 c6 2. Nf3 d5 3. Nc3 Nf6 4. e5 Ne4 5. Qe2 Nxc3 6. dxc3 Qb6 7. g3 e6 8. h4 c5 9. a4 Bd7 10.
Qd2 Be7 11. Qf4 Nc6 12. Qg4 Rg8 13. Bd3 g6 14. b3 f5 15. Qf4 O-O-O 16. Qh6 c4 17. Be2 cxb3 18. cxb3 d4 19. O-O dxc3 20.
Be3 Bc5 21. Bxc5 Qxc5 22. Qf4 Kb8 23.
Rac1 h6 24. Qxh6 Nd4 25. Nxd4 Qxd4 26. Qe3 Qxe3 27. fxe3 Bc6 28. Rxc3 g5 29. hxg5 Rxg5 30. Kf2 Rh8 31. Rg1 Rh2+ 32. Ke1 Rh3 33. Bc4 Rg6 34.
a5 Kc7 35. b4 Kd7 36. Rd3+ Ke7 37. Rd6 a6 38. Bxa6 Bd5 39. Bf1 Rhxg3 40. Rxg3 Rxg3 41. Kf2 Rg4 42. Rb6 Kd7 43. Be2 Rg2+ 44. Kf1 Rg3 45. Kf2 Rg2+ 46. Ke1 Kc7 47. Rd6 Rh2 48. b5 Rh4 49. b6+ Kc8 50.
a6 Ra4 51. a7 1-0

[Event "VII Open Internacional Quart de Poblet"]
[Site "Quart de Poblet, Spain"]
[Date "2019.08.06"]
[Round "2.5"]
[White "Gutierrez Marco, Dario"]
[Black "Chernikov, Vladimir"]
[Result "0-1"]
[TimeControl "90m +30s por jugada"]
[WhiteFideId "24529125"]
[BlackFideId "14112914"]
[WhiteElo "1952"]
[BlackElo "2315"]

1. e4 g6 2. d4 Bg7 3.
Nc3 d6 4. f4 Nc6 5. Nf3 Bg4 6. Be3 e5 7. Bb5 Bxf3 8. gxf3 exd4 9. Bxd4 Qh4+ 10. Ke2 Kf8 11. Bxg7+ Kxg7 12. Qd2 Nf6 13.
Rae1 Qh5 14. Kf2 Qh4+ 15. Ke2 Qh5 16. Kf2 Nd8 17. h4 Qc5+ 18. Qe3 Ne6 19. Qxc5 Nxc5 20. e5 Nh5 21. exd6 c6 22.
Bc4 b5 23. Bb3 Rad8 24. Rd1 Nxf4 25. Rhe1 Rd7 26. Ne4 Nxb3 27. axb3 Rhd8 28. c4 f5 29. Ng5 h6 30. Ne6+ Nxe6 31.
Rxe6 Kf7 32. Re5 bxc4 33. bxc4 Rxd6 34. Rxd6 Rxd6 35. Ra5 Rd7 36. Rc5 Rc7 37. b4 Ke6 38. Ke3 Kd6 39. Ra5 Rb7 40. Ra4 g5 41. hxg5 hxg5 42. Kf2 Ke5 43. Kg3 Kd4 44. b5 cxb5 45. cxb5+ Kc5 46. Ra5 Kb4 47. Ra6 Kxb5 48.
Rg6 Kb4 49. Rxg5 Rb5 50. Kf4 a5 51. Rg2 Kb3 52. Re2 a4 53.
Re3+ Kb4 54. Rd3 a3 55. Rd4+ Kc3 56. Rd1 a2 0-1

[Event "VII Open Internacional Quart de Poblet"]
[Site "Quart de Poblet, Spain"]
[Date "2019.08.06"]
[Round "2.6"]
[White "Nieves Cabanes, Jose Manuel"]
[Black "Zaragoza Arenas, FranciscoJavier"]
[Result "1-0"]
[TimeControl "90m +30s por jugada"]
[WhiteFideId "22245715"]
[BlackFideId "2248840"]
[WhiteElo "2311"]
[BlackElo "1947"]

1. d4 d5 2. c4 e6 3. Nc3 Nf6 4. Bg5 Nbd7 5. cxd5 exd5 6.
e3 Be7 7. Bd3 O-O 8. Nf3 c6 9. Qc2 h6 10. Bf4 Re8 11. O-O Nh5 12. Nxd5 Nxf4 13. Nxf4 Nf6 14. Bc4 Nd5 15. Qb3 Nxf4 16.
Bxf7+ Kh8 17. exf4 Rf8 18. Ne5 Bf5 19. Bg6 Qd6 20. Bxf5 Rxf5 21. Qxb7 Re8 22. Qxc6 Qxc6 23. Nxc6 Bf6 24.
Ne5 Kg8 25. g3 Bd8 26. Kg2 Bb6 27. Rad1 Rd8 28. d5 g5 29. d6 gxf4 30. Nc6 f3+ 31. Kg1 Kf7 32. Nxd8+ Bxd8 33. Rfe1 Rc5 34.
Re3 1-0

[Event "VII Open Internacional Quart de Poblet"]
[Site "Quart de Poblet, Spain"]
[Date "2019.08.06"]
[Round "2.7"]
[White "Gonzalvez Tamarit, Ivan"]
[Black "Kovacevic, Slobodan"]
[Result "0-1"]
[TimeControl "90m +30s por jugada"]
[WhiteFideId "32041721"]
[BlackFideId "902152"]
[WhiteElo "1918"]
[BlackElo "2252"]

1. d4 Nf6 2. Nf3 e6 3. Bf4 c5 4. e3 b6 5. c3 Bb7 6. Bd3 Be7 7. h3 a6 8. O-O O-O 9. Nbd2 cxd4 10. cxd4 d6 11. Qe2 Nd5 12. Bh2 Nb4 13.
Bb1 a5 14. Rc1 g6 15. a3 Ba6 16. Qd1 Nd5 17. Ne4 Bb7 18. Bd3 Na6 19. Qe2 Nac7 20. Rc2 Qd7 21. Rac1 Rfc8 22. Ned2 b5 23.
e4 Nb6 24. e5 d5 25. Bf4 a4 26. Ng5 Bf8 27. h4 Nc4 28. h5 h6 29. Nh3 g5 30. Qg4 Be7 31. Nxg5 hxg5 32. Bxg5 Bxg5 33. Qxg5+ Kf8 34. h6 Qe7 35. Qg7+ Ke8 36. h7 Kd7 37. Nf3 Rh8 38. Ng5 Raf8 39. Re1 Ne8 40. Qh6 Bc8 41. f4 Kd8 42.
g4 f6 43. Nf3 Qg7 44. Qh4 Kc7 45. Kf2 fxe5 46. fxe5 Rf4 47. Rg1 Qf7 48. Rg3 Rxd4 49. Bf5 Rf4 50. Qh6 Rxf3+ 51. Rxf3 exf5 52. Rxf5 Bxf5 53. Qf4 Be6 0-1

[Event "VII Open Internacional Quart de Poblet"]
[Site "Quart de Poblet, Spain"]
[Date "2019.08.06"]
[Round "2.8"]
[White "Davtyan, David Arm"]
[Black "Galvan Cipriani, Viviana"]
[Result "1-0"]
[TimeControl "90m +30s por jugada"]
[BlackFideId "32041144"]
[WhiteElo "2249"]
[BlackElo "1941"]

1. e4 c5 2. Nc3 Nc6 3. Bb5 Nd4 4. Nf3 Nxb5 5. Nxb5 d5 6. exd5 a6 7. Nc3 Nf6 8. d4 c4 9. Ne5 b5 10. Bg5 Nxd5 11. Nxf7 Kxf7 12.
Qf3+ Kg8 13. Qxd5+ Qxd5 14. Nxd5 Bb7 15. Ne3 e6 16. Bf4 Be7 17.
O-O Kf7 18. Be5 Bf6 19. f4 Rhf8 20. Rae1 Kg8 21. c3 Be7 22. Ng4 Rf7 23. Re3 h5 24. Nf2 Kf8 25. g3 Ke8 26. h4 Kd7 27. Ree1 Raf8 28. Nd1 Bc6 29.
Ne3 g6 30. Rd1 Kc8 31. b3 cxb3 32. axb3 Rd8 33. c4 Bf8 34. Rc1 Kb7 35. Rfd1 Rfd7 36. Kh2 Ba3 37. Rc2 Be7 38. d5 Kc8 39.
cxb5 1-0

[Event "VII Open Internacional Quart de Poblet"]
[Site "Quart de Poblet, Spain"]
[Date "2019.08.06"]
[Round "2.9"]
[White "Deusa Ballesteros, Luis Miguel"]
[Black "Ramirez Aucejo, Hector"]
[Result "1-0"]
[TimeControl "90m +30s por jugada"]
[WhiteFideId "54535808"]
[BlackFideId "32032064"]
[WhiteElo "1285"]
[BlackElo "1668"]

1. e4 c5 2. Nf3 d6 3. d4 cxd4 4. Nxd4 Nf6 5. Nc3 a6 6. Be3 e5 7. Nb3 Be6 8. Bg5 Be7 9. Bxf6 Bxf6 10.
Nd5 Be7 11. Nxe7 Qxe7 12. g3 O-O 13.
Bg2 Nc6 14. O-O a5 15. c3 a4 16. Nc1 b5 17. Nd3 Bc4 18. Re1 Qe6 19. a3 Rac8 20. Nb4 Nxb4 21. axb4 Rfd8 22. Qh5 Qg6 23. Qxg6 hxg6 24. Rad1 g5 25.
h3 Kf8 26. Bf1 Ke7 27. Bxc4 Rxc4 28. Kg2 Ke6 29. Kf3 a3 30. bxa3 Rxc3+ 31. Re3 Rxe3+ 32. fxe3 d5 33. exd5+ Rxd5 34.
Rc1 f5 35. Rc6+ Rd6 36. Rc5 Rd5 37. Rc6+ Rd6 38. Rc5 e4+ 39. Ke2 Rb6 40. Kd2 g6 41. Ke2 Kd6 42. Kd2 Rb7 43. Ke2 Rb6 44.
Kd2 Ke6 45. Ke2 Kd7 46. Ke1 Ke7 47. Ke2 Ke6 48. Ke1 Ra6 49. Rxb5 Rxa3 50. Kf2 Ra6 51. Rb8 Kd5 52. Rd8+ Kc6 53.
Ke1 Kb5 54. Rd4 Ra4 55. Rd6 Ra6 56. Rd4 Ra4 57. Rd6 Ra6 58. Rd4 Rc6 59. Kd2 Ra6 60. Kc3 Ra3+ 61. Kd2 Ra2+ 62. Kc3 Rg2 63.
Rd5+ Kc6 64. Rc5+ Kd6 65. Ra5 Rxg3 66. Ra6+ Kc7 67. Kd4 Rxh3 68. Rxg6 Rg3 69. b5 g4 70. b6+ Kb7 71. Kc5 Rxe3 72.
Rg7+ Kb8 73. Rg8+ Kb7 74. Rg7+ Kb8 75. Rg8+ Kb7 76. Rg7+ Kc8 77. Rg8+ Kd7 78. Rg7+ {Bandera} 1-0

[Event "VII Open Internacional Quart de Poblet"]
[Site "Quart de Poblet, Spain"]
[Date "2019.08.06"]
[Round "3.1"]
[White "Cruz Lledo, Pablo"]
[Black "Davtyan, David Arm"]
[Result "1-0"]
[TimeControl "90m +30s por jugada"]
[WhiteFideId "2297361"]
[WhiteElo "2445"]
[BlackElo "2249"]

1. d4 Nf6 2. Nf3 e6 3. e3 b6 4. Bd3 Bb7 5. O-O g6 6. c4 Bg7 7. Nc3 d5 8. b3 O-O 9. Ba3 Re8 10.
Rc1 a6 11. Ne5 Nbd7 12. Nxd7 Qxd7 13. c5 e5 14. cxb6 cxb6 15. Na4 Qd8 16. dxe5 Rxe5 17. Bb2 d4 18. Bxd4 Qd5 19. f3 Rh5 20.
Qe2 Re8 21. Qf2 Qd6 22. Qg3 Qb4 23. Nxb6 Rd8 24. Rc4 Qd2 25. Qc7 Rxd4 26. exd4 Qe3+ 27. Rf2 Bxf3 28. Qd8+ Ne8 29. Bf1 Bb7 30.
Rc3 Qe4 31. Rd3 Bd5 32. Qd7 Bf6 33. Nxd5 Rxd5 34. Qb7 Nd6 35. Qxa6 Bxd4 36. Kh1 Kg7 37. Re2 Rf5 38. Rf3 Qb1 39.
Rd2 Be5 40. Qe2 Rxf3 41. gxf3 Bf4 42. Rd4 Qf5 43. a4 Qf6 44. Rd3 Nf5 45. Bh3 Nh4 46. Rd1 Qb6 47. Qc4 Qf6 48. Qe2 Qb6 49. Qb2+ Kg8 50. b4 Nxf3 51.
Bg2 Ne5 52. Qd4 Qf6 53. Qd8+ 1-0

[Event "VII Open Internacional Quart de Poblet"]
[Site "Quart de Poblet, Spain"]
[Date "2019.08.06"]
[Round "3.2"]
[White "Kovacevic, Slobodan"]
[Black "Sanchez Saez, Francisco"]
[Result "1-0"]
[TimeControl "90m +30s por jugada"]
[WhiteFideId "902152"]
[BlackFideId "2231743"]
[WhiteElo "2252"]
[BlackElo "2359"]

1. d4 g6 2. c3 Bg7 3. Nf3 d6 4.
e4 Nf6 5. Qc2 O-O 6. Bg5 h6 7. Bh4 Qe8 8. a4 e5 9. dxe5 dxe5 10. Bc4 a5 11. O-O Nh5 12. Re1 Nd7 13. Nfd2 Nb6 14.
Bf1 Be6 15. f3 Nf4 16. b3 Nd7 17. Na3 g5 18. Bf2 Qe7 19. Nac4 Rfd8 20. Red1 Nc5 21. Be3 Nfd3 22. Kh1 b6 23.
Rab1 Nf4 24. Bg1 Rd7 25. Ne3 Rad8 26. Bb5 Rd6 27. Nec4 Bxc4 28. Nxc4 Rxd1 29. Rxd1 g4 30. Rxd8+ Qxd8 31.
fxg4 Ncd3 32. Ne3 Bf8 33. Qd2 Ba3 34. Nf5 Bc1 35. Qc2 Ba3 36. Nxh6+ Kh7 37. Nxf7 Qf6 38. Bxd3 Qxf7 39. Bc4 Qd7 40.
g3 Nh3 41. Qe2 Bc5 42. Bxc5 bxc5 43. Kg2 Ng5 44. h4 Ne6 45. Qd3 Qc8 46. Qe3 Ng7 47. g5 Qd7 48. Qd3 Qc8 49. Qf3 Qd7 50.
Qf7 Qc8 51. Qf6 1-0

[Event "VII Open Internacional Quart de Poblet"]
[Site "Quart de Poblet, Spain"]
[Date "2019.08.06"]
[Round "3.3"]
[White "Gavarrete, Nahun"]
[Black "Nieves Cabanes, Javier"]
[Result "1-0"]
[TimeControl "90m +30s por jugada"]
[WhiteFideId "8400709"]
[BlackFideId "22245707"]
[WhiteElo "2349"]
[BlackElo "2211"]

1. c4 Nf6 2. g3 e6 3. Bg2 d5 4. Nf3 d4 5. O-O c5 6.
d3 Nc6 7. e3 e5 8. exd4 exd4 9. Bg5 Be7 10. Nbd2 O-O 11. a3 Bf5 12. Ne1 Qd7 13. Rb1 a5 14. Qa4 Bh3 15. Bxf6 Bxf6 16.
Qb5 Bxg2 17. Nxg2 Ne5 18. Qxd7 Nxd7 19. b4 axb4 20. axb4 cxb4 21. Rxb4 Nc5 22. Ne4 Nxd3 23. Rxb7 Be5 24.
Rb3 f5 25. Ng5 Nc5 26. Rb5 Rac8 27. Nf3 Bf6 28. Nf4 Ne4 29. Rxf5 g6 30. Rd5 Rxc4 31. Re1 Nc3 32. Rd7 Nb5 33. Nd5 Bd8 34. Ne5 Rc2 35. Ng4 d3 36. Nh6+ Kh8 37. Nf7+ Kg8 38. Nh6+ Kh8 39. Nf7+ Kg8 40. Nxd8 Re2 41. Rf1 Nd4 42. Ne7+ Rxe7 43. Rxd4 Rf3 44. Kg2 1-0

[Event "VII Open Internacional Quart de Poblet"]
[Site "Quart de Poblet, Spain"]
[Date "2019.08.06"]
[Round "3.4"]
[White "Carbonell Sancho, Marc"]
[Black "Castella Garcia, Fausto"]
[Result "1/2-1/2"]
[TimeControl "90m +30s por jugada"]
[WhiteFideId "32029969"]
[BlackFideId "3501922"]
[WhiteElo "2187"]
[BlackElo "2315"]

1. e4 c5 2. Nf3 g6 3. d4 Bg7 4. c4 Qa5+ 5. Nc3 d6 6.
h3 Nc6 7. d5 Nd4 8. Bd2 Nf6 9. Bd3 Nd7 10. Nb5 Nxf3+ 11. Qxf3 Qd8 12. Bc3 Ne5 13. Qe2 a6 14. Na3 O-O 15.
Nc2 f5 16. exf5 Nxd3+ 17. Qxd3 Bxf5 18. Qd2 Bxc3 19. Qxc3 Bxc2 20. Qxc2 Qa5+ 21. Kf1 Rf7 22. f3 b5 23. b3 bxc4 24. bxc4 Rf4 25. Kf2 Qb4 26. Rac1 Raf8 27.
Rhe1 Rd4 28. Red1 Rff4 29. Rxd4 Rxd4 30. Ke2 a5 1/2-1/2

[Event "VII Open Internacional Quart de Poblet"]
[Site "Quart de Poblet, Spain"]
[Date "2019.08.06"]
[Round "3.5"]
[White "Chernikov, Vladimir"]
[Black "Hernandez Lopez, Alberto"]
[Result "1-0"]
[TimeControl "90m +30s por jugada"]
[WhiteFideId "14112914"]
[BlackFideId "24575208"]
[WhiteElo "2315"]
[BlackElo "2044"]

1. c4 Nf6 2. Nc3 g6 3. d4 Bg7 4. Bg5 d6 5. Qd2 h6 6. Bh4 g5 7. Bg3 Nh5 8. e4 e5 9. dxe5 Nxg3 10.
hxg3 Bxe5 11. f4 Bg7 12. O-O-O Bg4 13.
Be2 Bxe2 14. Ncxe2 Nc6 15. Nf3 gxf4 16.
gxf4 Qe7 17. Ng3 Qe6 18. Qd5 O-O-O 19. Qxe6+ fxe6 20. Nh5 Rdg8 21. f5 exf5 22. exf5 Be5 23. f6 Rxg2 24. Rhg1 Bxb2+ 25. Kb1 Rxg1 26. Rxg1 Bxf6 27. Nxf6 Na5 28.
Nd2 h5 29. Rg5 b6 30. Nxh5 Kb7 31. Nf6 Rh4 32. Rg4 Rxg4 33. Nxg4 a6 34. Ne3 b5 35. Kc2 c6 36. Nb3 Nxc4 37.
Nxc4 bxc4 38. Na5+ Kb6 39. Nxc4+ Kc5 40. Kb3 d5 41. Ne5 Kd6 42. Nf3 c5 43. Ka4 Kc6 44. Ka5 Kb7 45. Ne5 Kc7 46. Kxa6 Kd6 47.
Nf3 Kc6 48. Ka5 d4 49. Nd2 Kd5 50. Kb5 d3 51. a4 Kd4 52.
a5 Kc3 53. Ne4+ Kd4 54. Nxc5 1-0